AoeStats
← Demonitox

Arabia

509177272Analyzed
1v1 RM · 8d ago on Sep 25, 2026· 26m 6s· 2 players
Game mode
Random Map
Map size
Tiny (2 player)
Population
200
Speed
Normal
Resources
Standard
Victory
Conquest
Starting age
Dark Age
Ending age
Imperial Age
RankedLock teamsTeams togetherTeam positionsShared explorationLock speedFull tech treeHidden civsTurbo modeCheats
Victory
Defeat
🇫🇷 Mongols · France
1736
+16
🇩🇿 Mongols · Algeria
1727
-16
Jozzif
8:07 Feudal Age
7:07 Loom
14:42 Double-Bit Axe
14:38 Horse Collar
21:07 Castle Age
19:32 Fletching
20:15 Padded Archer Armor
20:27 Gold Mining
21:16 Bloodlines
22:08 Bodkin Arrow
Demonitox
4:41 Loom
7:08 Feudal Age
10:40 Double-Bit Axe
19:48 Castle Age
18:10 Horse Collar
18:55 Forging
20:12 Wheelbarrow
19:36 Gold Mining
20:06 Bloodlines
24:48 Husbandry
Connection lost

Rejoining the realm…

Still unreachable

The connection could not be restored.

Session expired

The server has moved on; the page needs a fresh start.